 Dungeon Crawl Stone Soup version 0.28.0-45-g0d030f2227 (webtiles) character file.

Game seed: 14512891690341055649

998 REKS the Basher (level 8, -3/46 HPs)
             Began as a Gargoyle Berserker on Apr 23, 2022.
             Was a Believer of Trog.
             Slain by a gnoll sergeant
             ... wielding a +1 trident of pain
              (9 damage)
             ... on level 8 of the Dungeon.
             The game lasted 00:13:02 (5027 turns).

REKS the Basher (Gargoyle Berserker)                Turns: 5027, Time: 00:13:03

Health: -3/46      AC: 18    Str: 23    XL:     8   Next: 19%
Magic:  8/8        EV:  6    Int:  8    God:    Trog [**....]
Gold:   147        SH:  0    Dex:  9    Spells: 7/7 levels left

rFire   . . .      SeeInvis .   o - +0 flail
rCold   . . .      Faith    .   (no shield)
rNeg    + . .      Spirit   .   g - +0 plate armour
rPois   ∞          Reflect  .   (no helmet)
rElec   +          Harm     .   p - +0 cloak
rCorr   .          Rampage  .   k - +0 pair of gloves
Will    ++...                   (no boots)
Stlth   ..........              (no amulet)
HPRegen 1.15/turn               (no ring)
MPRegen 0.11/turn               (no ring)

@: strong-willed, on berserk cooldown, regenerating, slowed, very slow
A: sickness immunity, AC +5, negative energy resistance 1, electricity
resistance, torment resistance 1, petrification resistance
a: Renounce Religion, Berserk, Trog's Hand


You were on level 8 of the Dungeon.
You worshipped Trog.
Trog was pleased with you.
You visited 1 branch of the dungeon, and saw 6 of its levels.

You collected 147 gold pieces.

Inventory:

Hand Weapons
 o - a +0 flail (weapon)
Armour
 g - a +0 plate armour (worn)
 k - a +0 pair of gloves (worn)
 p - a +0 cloak (worn)
Jewellery
 q - an amulet of magic regeneration
 w - a +6 ring of intelligence
Scrolls
 h - 2 scrolls of fear
 j - 2 scrolls of teleportation
 m - a scroll of fog
 n - a scroll of amnesia
Potions
 b - a potion of lignification {unknown}
 d - 4 potions of brilliance {unknown}
 e - 3 potions of degeneration {unknown}
 i - a potion of resistance {unknown}
 l - a potion of flight {unknown}
 r - a potion of berserk rage {unknown}
 s - a potion of attraction {unknown}
 u - a potion of heal wounds {unknown}


   Skills:
 - Level 3.2 Fighting
 + Level 9.8 Maces & Flails
 - Level 2.1 Armour
 - Level 1.5 Dodging


You had 7 spell levels left.
You didn't know any spells.
Your spell library was empty.

Dungeon Overview and Level Annotations

Branches:
Dungeon (8/15)
 Temple: D:4-7         Lair: D:8-11

Altars:
Ashenzari
Qazlal
Ru
Sif Muna

Portals:
Bailey: D:8


Innate Abilities, Weirdness & Mutations

You are immune to sickness and miasma.
Your stone body is resilient. (AC +5)
You are immune to poison.
You resist negative energy. (rN+)
You are resistant to electric shocks. (rElec)
You are resistant to unholy torment.
You are immune to petrification.


Message History

The gnoll barely misses you. The gnoll hits you but does no damage.
Things that are here:
a +0 whip; a throwing net You feel a strong urge to attack something.
You are no longer berserk.
You are exhausted.
You feel yourself slow down.
The gnoll sergeant hits you but does no damage.
The gnoll sergeant barely misses you.
You barely miss the gnoll.
The gnoll sergeant hits you from afar with a +1 trident of pain.
You writhe in agony.
The gnoll barely misses you. The gnoll hits you but does no damage.
The gnoll sergeant hits you but does no damage.
The gnoll closely misses you.
You barely miss the gnoll. The gnoll closely misses you.
The gnoll barely misses you. The gnoll sergeant closely misses you.
The gnoll hits you with a +0 flail.
* * * LOW HITPOINT WARNING * * *
The gnoll hits you but does no damage. The gnoll hits you with a +0 club.
* * * LOW HITPOINT WARNING * * *
The gnoll sergeant hits you but does no damage.
The gnoll barely misses you.
You open the door.
The gnoll sergeant completely misses you.
Found three hand axes.
Found a flagged portal.
Found a hand axe.
The gnoll sergeant hits you but does no damage.
There is an open door here.
The gnoll sergeant hits you from afar with a +1 trident of pain.
* * * LOW HITPOINT WARNING * * *
You writhe in agony.
* * * LOW HITPOINT WARNING * * *
Your skin crawls.
You feel strong-willed.
The gnoll sergeant hits you from afar with a +1 trident of pain.
* * * LOW HITPOINT WARNING * * *
The gnoll sergeant hits you from afar with a +1 trident of pain!
You die...

#...................
*####g..)...........
#..#.......(.......
#..g#############**
#.g.# * ##'### *
#.gg.## * ##.....# *
#..@...# * #..)...#
* #.)∩)..# *
#..)..## #.....#
#######


You could see a gnoll sergeant and 3 gnolls.

Vanquished Creatures
  A hornet (D:8)
  A sky beast (D:8)
  An ogre (D:4)
  A centaur (D:5)
  3 phantoms
  2 scorpions (D:4)
  An orc wizard (D:3)
  A killer bee zombie (D:8)
  A gnoll (D:8)
  5 adders
  2 ufetubi
  An adder skeleton (D:4)
  A worm (D:3)
  3 dart slugs
  4 orcs (D:3)
  5 bats
  9 endoplasms
  A giant cockroach (D:2)
  3 hobgoblins
  11 jackals
  10 kobolds
  A quokka (D:4)
  6 ball pythons
  6 frilled lizards
  8 goblins
  9 rats
97 creatures vanquished.

Notes
Turn   | Place    | Note
-------+----------+-------------------------------------------
     0 | D:1      | REKS the Gargoyle Berserker began the quest for the Orb.
     0 | D:1      | Reached XP level 1. HP: 14/14 MP: 1/1
   160 | D:1      | Reached XP level 2. HP: 19/19 MP: 2/2
   655 | D:1      | Reached skill level 4 in Maces & Flails
   739 | D:1      | Reached XP level 3. HP: 20/23 MP: 3/3
  1402 | D:2      | Reached XP level 4. HP: 23/28 MP: 4/4
  1517 | D:2      | Reached ** piety under Trog
  1519 | D:2      | Reached skill level 5 in Maces & Flails
  2089 | D:3      | Found a broken altar of Ashenzari.
  2664 | D:3      | Found a sacrificial altar of Ru.
  2823 | D:3      | Reached XP level 5. HP: 32/32 MP: 5/5
  3237 | D:4      | Found a stormy altar of Qazlal.
  3251 | D:4      | Reached skill level 6 in Maces & Flails
  3466 | D:4      | Reached XP level 6. HP: 35/37 MP: 6/6
  3573 | D:4      | Reached skill level 7 in Maces & Flails
  4083 | D:4      | Found a shimmering blue altar of Sif Muna.
  4120 | D:4      | Reached XP level 7. HP: 32/41 MP: 7/7
  4414 | D:5      | Entered Level 5 of the Dungeon
  4433 | D:5      | Reached skill level 8 in Maces & Flails
  4758 | D:5      | You fall into a shaft and drop 3 floors!
  4758 | D:8      | Noticed a hornet
  4772 | D:8      | Killed a hornet
  4773 | D:8      | Reached skill level 9 in Maces & Flails
  4773 | D:8      | Reached XP level 8. HP: 42/46 MP: 8/8
  5022 | D:8      | Found a flagged portal.
  5027 | D:8      | Slain by a gnoll sergeant

Illustrated notes

Levels and vault maps discovered:
D:1:      nagdon_arrival_zigzag_paths, layout_basic, minmay_misc_feat_enclosed
D:2:      layout_basic
D:3:      kennysheep_big_flooded_room, layout_basic,
          cheibrodos_ashenzari_chains, overflow_temple_1_default,
          chequers_serial_rivers_micro_d, grunt_ministairs_10
D:4:      layout_loops_cross, general_overflow_altar, grunt_qazlal_sundering
D:5:      layout_rooms
D:8:      layout_gridville, enter_bailey_2, minmay_diamond_spiral, uniq_maggie

Skill      XL: |  1  2  3  4  5  6  7 |
---------------+----------------------+-----
Maces & Flails | 4 5 6 7 9 |  9.8
Fighting       | |  3.2
Armour         | |  2.1
Dodging        | |  1.5

Action                   |  1- 3 |  4- 6 |  7- 9 || total
-------------------------+-------+-------+-------++-------
Melee: Mace              |   109 |    79 |       ||   188
       Punch             |     1 |     1 |     1 ||     3
       Flail             |       |   128 |    86 ||   214
Invok: Berserk           |       |     1 |     3 ||     4
       Trog's Hand       |       |       |     1 ||     1
  Use: Scroll            |       |       |     8 ||     8
Armor: Ring mail         |    21 |       |       ||    21
       Plate armour      |    79 |   159 |    71 ||   309
Dodge: Dodged            |    47 |    60 |    39 ||   146
